TOP OF THE 1ST |
Detroit (APP) Tigers batting - Pitching for Cleveland (APP) Indians : LHP Jim Longley
|
Pitching: LHP Jim Longley
|
|
Batting: LHB Timotheus Young
|
0-0: Called Strike 0-1: Ball 1-1: Foul Ball, location: 2F 1-2: Strikes out swinging
|
Batting: RHB Kevin Steed
|
0-0: Ball 1-0: Called Strike 1-1: Ball 2-1: Called Strike 2-2: Strikes out looking
|
Batting: RHB Ernst Meloche
|
0-0: Called Strike 0-1: Called Strike 0-2: Ground out U3 (Groundball, 3, EV 78.1 MPH)
|
Top of the 1st over - 0 runs, 0 hits, 0 errors, 0 left on base; Detroit (APP) 0 - Cleveland (APP) 0 |
BOTTOM OF THE 1ST |
Cleveland (APP) Indians batting - Pitching for Detroit (APP) Tigers : LHP Randolph Main
|
Pitching: LHP Randolph Main
|
|
Batting: RHB Patrick Pinault
|
0-0: Ball 1-0: Ball 2-0: Ball 3-0: Base on Balls
|
Batting: LHB Justin Eargle
|
0-0: Ball 1-0: Ball 2-0: Called Strike 2-1: Ball 3-1: Base on Balls Patrick Pinault to second
|
Batting: RHB Justin Teague
|
0-0: Ball 1-0: Ground out 5-3 (Groundball, 56S, EV 62.5 MPH) Patrick Pinault to third Justin Eargle to second
|
Batting: RHB Eric Kuck
|
0-0: Called Strike 0-1: Ball 1-1: Swinging Strike 1-2: Strikes out looking
|
Batting: RHB Tony Gonzales
|
0-0: Ground out 6-3 (Groundball, 6, EV 106.9 MPH)
|
Bottom of the 1st over - 0 runs, 0 hits, 0 errors, 2 left on base; Detroit (APP) 0 - Cleveland (APP) 0 |
TOP OF THE 2ND |
Detroit (APP) Tigers batting - Pitching for Cleveland (APP) Indians : LHP Jim Longley
|
Batting: RHB Norm Wood
|
0-0: Called Strike 0-1: Ball 1-1: Ball 2-1: Foul Ball, location: 2F 2-2: Ball 3-2: Foul Ball, location: 2F 3-2: Base on Balls
|
Batting: RHB Nate Dabney
|
0-0: Ball 1-0: Ball 2-0: TRIPLE (Flyball, 89XD, EV 93.1 MPH) Norm Wood scores
|
Batting: SHB Ronnie Lundy
|
0-0: Called Strike 0-1: Foul Ball, location: 2F 0-2: DOUBLE (Groundball, 5L, EV 101.9 MPH) Nate Dabney scores
|
Batting: LHB Glen Boyle
|
0-0: Foul Ball, location: 2F 0-1: Ball 1-1: SINGLE (Line Drive, 4D, EV 100.0 MPH) Ronnie Lundy to third
|
Batting: RHB George Sonier
|
0-0: Called Strike 0-1: Foul Ball, location: 2F 0-2: Ball 1-2: Fly out, F4 (Line Drive, 34D, EV 70.0 MPH)
|
Batting: SHB Salvador Lacosta
|
0-0: Ball Wild Pitch! Ronnie Lundy scores Glen Boyle to second 1-0: Ball 2-0: Ball 3-0: Called Strike 3-1: Base on Balls
|
Batting: LHB Timotheus Young
|
0-0: Ball 1-0: Ball 2-0: Called Strike 2-1: Ball 3-1: Base on Balls Glen Boyle to third Salvador Lacosta to second
|
Batting: RHB Kevin Steed
|
0-0: Ball 1-0: Called Strike 1-1: Swinging Strike 1-2: Ball 2-2: Strikes out swinging
|
Batting: RHB Ernst Meloche
|
0-0: Ball 1-0: Ball 2-0: Ball 3-0: Base on Balls Glen Boyle scores Salvador Lacosta to third Timotheus Young to second
|
Batting: RHB Norm Wood
|
0-0: DOUBLE (Line Drive, 78XD, EV 105.6 MPH) Salvador Lacosta scores Timotheus Young scores Ernst Meloche to third Runner from 3rd tries for Home, SAFE, no throw by LF
|
Pitching: LHP Jordan Jimenez
|
|
Batting: RHB Nate Dabney
|
0-0: Hit by Pitch
|
Batting: SHB Ronnie Lundy
|
0-0: Ball 1-0: Swinging Strike 1-1: Ball 2-1: Swinging Strike 2-2: Foul Ball, location: 2F 2-2: Ground out 6-3 (Groundball, 56, EV 109.4 MPH)
|
Top of the 2nd over - 7 runs, 4 hits, 0 errors, 2 left on base; Detroit (APP) 7 - Cleveland (APP) 0 |
BOTTOM OF THE 2ND |
Cleveland (APP) Indians batting - Pitching for Detroit (APP) Tigers : LHP Randolph Main
|
Batting: RHB Makoto Narita
|
0-0: Ground out 4-3 (Groundball, 34D, EV 78.8 MPH)
|
Batting: RHB Xavier Bartolani
|
0-0: Ball 1-0: Ball 2-0: Ball 3-0: Base on Balls
|
Batting: RHB Russ Kennett
|
0-0: Called Strike 0-1: Ball 1-1: Hit by Pitch Xavier Bartolani to second
|
Batting: LHB Mario Garza
|
0-0: Reached on error, E1 (Groundball, 25, EV 63.8 MPH) Xavier Bartolani to third Russ Kennett to second
|
Batting: RHB Patrick Pinault
|
0-0: Called Strike 0-1: Foul Ball, location: 2F 0-2: Strikes out swinging
|
Batting: LHB Justin Eargle
|
0-0: Ball 1-0: Foul Ball, location: 2F 1-1: Ball 2-1: Ball 3-1: Base on Balls Xavier Bartolani scores Russ Kennett to third Mario Garza to second
|
Batting: RHB Justin Teague
|
0-0: Called Strike 0-1: Swinging Strike 0-2: Foul Ball, location: 2F 0-2: Ball 1-2: Strikes out swinging
|
Bottom of the 2nd over - 1 run, 0 hits, 1 error, 3 left on base; Detroit (APP) 7 - Cleveland (APP) 1 |
TOP OF THE 3RD |
Detroit (APP) Tigers batting - Pitching for Cleveland (APP) Indians : LHP Jordan Jimenez
|
Batting: LHB Glen Boyle
|
0-0: Ball 1-0: Ground out U3 (Groundball, 23, EV 88.1 MPH)
|
Batting: RHB George Sonier
|
0-0: Called Strike 0-1: SINGLE (Groundball, 56S, EV 63.8 MPH) (infield hit)
|
Batting: SHB Salvador Lacosta
|
0-0: Ball 1-0: Called Strike 1-1: Ball 2-1: Fielders Choice at 2nd, 1-6 (Groundball, 13, EV 65.0 MPH)
|
Batting: LHB Timotheus Young
|
0-0: Called Strike 0-1: Foul Ball, location: 2F 0-2: Ball 1-2: Ball 2-2: Ball 3-2: Foul Ball, location: 2F 3-2: Ground out 4-3 (Groundball, 4, EV 87.5 MPH)
|
Top of the 3rd over - 0 runs, 1 hit, 0 errors, 1 left on base; Detroit (APP) 7 - Cleveland (APP) 1 |
BOTTOM OF THE 3RD |
Cleveland (APP) Indians batting - Pitching for Detroit (APP) Tigers : LHP Randolph Main
|
Batting: RHB Eric Kuck
|
0-0: Ball 1-0: Ball 2-0: Ball 3-0: Called Strike 3-1: SINGLE (Groundball, 34D, EV 104.4 MPH)
|
Batting: RHB Tony Gonzales
|
0-0: Called Strike 0-1: Ball 1-1: Foul Ball, location: 2F 1-2: Grounds into double play, 5-4-3 (Groundball, 5, EV 96.2 MPH)
|
Batting: RHB Makoto Narita
|
0-0: Swinging Strike 0-1: Ground out 5-3 (Groundball, 56, EV 83.8 MPH)
|
Bottom of the 3rd over - 0 runs, 1 hit, 0 errors, 0 left on base; Detroit (APP) 7 - Cleveland (APP) 1 |
TOP OF THE 4TH |
Detroit (APP) Tigers batting - Pitching for Cleveland (APP) Indians : LHP Jordan Jimenez
|
Batting: RHB Kevin Steed
|
0-0: Foul Ball, location: 2F 0-1: Ball 1-1: Swinging Strike 1-2: SINGLE (Flyball, 4D, EV 93.1 MPH)
|
Batting: RHB Ernst Meloche
|
0-0: Fly out, F8 (Flyball, 8RM, EV 86.9 MPH)
|
Batting: RHB Norm Wood
|
0-0: Swinging Strike 0-1: Ball 1-1: Swinging Strike 1-2: Strikes out looking
|
Batting: RHB Nate Dabney
|
0-0: Called Strike 0-1: Swinging Strike 0-2: Ball 1-2: Strikes out swinging
|
Top of the 4th over - 0 runs, 1 hit, 0 errors, 1 left on base; Detroit (APP) 7 - Cleveland (APP) 1 |
BOTTOM OF THE 4TH |
Cleveland (APP) Indians batting - Pitching for Detroit (APP) Tigers : LHP Randolph Main
|
Batting: RHB Xavier Bartolani
|
0-0: Ball 1-0: Ball 2-0: Called Strike 2-1: Ball 3-1: Swinging Strike 3-2: Base on Balls
|
Batting: RHB Russ Kennett
|
0-0: TRIPLE (Flyball, 89XD, EV 91.2 MPH) Xavier Bartolani scores
|
Batting: LHB Mario Garza
|
0-0: DOUBLE (Flyball, 8RXD, EV 115.0 MPH) Russ Kennett scores
|
Batting: RHB Patrick Pinault
|
0-0: Ball 1-0: 2-RUN HOME RUN (Flyball, 7D, EV 95.6 MPH), Distance : 364 ft
|
Batting: LHB Justin Eargle
|
0-0: Called Strike 0-1: Ball 1-1: Ground out 6-3 (Groundball, 4M, EV 104.4 MPH)
|
Batting: RHB Justin Teague
|
0-0: Ball 1-0: Called Strike 1-1: Ball 2-1: Ball 3-1: Base on Balls
|
Batting: RHB Eric Kuck
|
0-0: Ball 1-0: Ball 2-0: Called Strike 2-1: Called Strike 2-2: Fielders Choice at 2nd, 1-6 (Groundball, 13S, EV 67.5 MPH)
|
Batting: RHB Tony Gonzales
|
0-0: Fielders Choice at 2nd, 6-4 (Groundball, 6, EV 84.4 MPH)
|
Bottom of the 4th over - 4 runs, 3 hits, 0 errors, 1 left on base; Detroit (APP) 7 - Cleveland (APP) 5 |
TOP OF THE 5TH |
Detroit (APP) Tigers batting - Pitching for Cleveland (APP) Indians : LHP Jordan Jimenez
|
Batting: SHB Ronnie Lundy
|
0-0: Ball 1-0: Called Strike 1-1: Swinging Strike 1-2: Strikes out swinging
|
Batting: LHB Glen Boyle
|
0-0: Swinging Strike 0-1: Ball 1-1: Swinging Strike 1-2: Foul Ball, location: 2F 1-2: Strikes out swinging
|
Batting: RHB George Sonier
|
0-0: Ball 1-0: Ball 2-0: Ball 3-0: Called Strike 3-1: Base on Balls
|
Batting: SHB Salvador Lacosta
|
Pickoff Throw to First - Out! 1-3
|
Top of the 5th over - 0 runs, 0 hits, 0 errors, 0 left on base; Detroit (APP) 7 - Cleveland (APP) 5 |
BOTTOM OF THE 5TH |
Cleveland (APP) Indians batting - Pitching for Detroit (APP) Tigers : LHP Randolph Main
|
Batting: RHB Makoto Narita
|
0-0: Ball 1-0: Ball 2-0: Ball 3-0: Called Strike 3-1: Base on Balls
|
Batting: RHB Xavier Bartolani
|
0-0: Ball Passed Ball! Makoto Narita to second 1-0: Called Strike 1-1: Ball 2-1: Ground out 6-3 (Groundball, 6, EV 101.2 MPH)
|
Batting: RHB Russ Kennett
|
0-0: Called Strike 0-1: Called Strike 0-2: Ball 1-2: Foul Ball, location: 2F 1-2: Strikes out swinging
|
Batting: LHB Mario Garza
|
0-0: Foul Ball, location: 2F 0-1: Called Strike 0-2: DOUBLE (Line Drive, 7LS, EV 107.5 MPH) Makoto Narita scores
|
Pitching: RHP Alex Amparo
|
|
Batting: RHB Patrick Pinault
|
0-0: Ball 1-0: SINGLE (Groundball, 6MD, EV 100.0 MPH) (infield hit) Mario Garza to third
|
Batting: LHB Justin Eargle
|
0-0: Swinging Strike 0-1: Swinging Strike 0-2: Foul Ball, location: 2F 0-2: Ball 1-2: Strikes out looking
|
Bottom of the 5th over - 1 run, 2 hits, 0 errors, 2 left on base; Detroit (APP) 7 - Cleveland (APP) 6 |
TOP OF THE 6TH |
Detroit (APP) Tigers batting - Pitching for Cleveland (APP) Indians : LHP Jordan Jimenez
|
Batting: SHB Salvador Lacosta
|
0-0: Ball 1-0: Swinging Strike 1-1: Swinging Strike 1-2: Ground out 4-3 (Groundball, 4, EV 81.9 MPH)
|
Batting: LHB Timotheus Young
|
0-0: Ball 1-0: Called Strike 1-1: TRIPLE (Flyball, 89XD, EV 92.5 MPH)
|
Pitching: LHP Jon Curtis
|
|
Batting: RHB Kevin Steed
|
0-0: Called Strike 0-1: Called Strike 0-2: Ball 1-2: Ball 2-2: Strikes out swinging
|
Batting: RHB Ernst Meloche
|
0-0: Called Strike 0-1: Foul Ball, location: 2F 0-2: Ball 1-2: Foul Ball, location: 2F 1-2: Foul Ball, location: 2F 1-2: SINGLE (Flyball, 8RM, EV 95.0 MPH) Timotheus Young scores
|
Batting: RHB Norm Wood
|
0-0: Ball 1-0: Ball 2-0: Swinging Strike 2-1: Ball 3-1: Foul Ball, location: 2F 3-2: Base on Balls Ernst Meloche to second
|
Batting: RHB Nate Dabney
|
0-0: Ball 1-0: Fielders Choice at 2nd, 5-4 (Groundball, 5L, EV 109.4 MPH)
|
Top of the 6th over - 1 run, 2 hits, 0 errors, 2 left on base; Detroit (APP) 8 - Cleveland (APP) 6 |
BOTTOM OF THE 6TH |
Cleveland (APP) Indians batting - Pitching for Detroit (APP) Tigers : RHP Alex Amparo
|
Batting: RHB Justin Teague
|
0-0: Ball 1-0: Foul Ball, location: 2F 1-1: Ball 2-1: Ball 3-1: Ground out 5-3 (Groundball, 56, EV 106.9 MPH)
|
Batting: RHB Eric Kuck
|
0-0: Called Strike 0-1: Ball 1-1: Ball 2-1: Called Strike 2-2: Fly out, F3 (Popup, 3F, EV 60.6 MPH)
|
Batting: RHB Tony Gonzales
|
0-0: Ball 1-0: Called Strike 1-1: Ball 2-1: Fly out, F7 (Line Drive, 7S, EV 108.1 MPH)
|
Bottom of the 6th over - 0 runs, 0 hits, 0 errors, 0 left on base; Detroit (APP) 8 - Cleveland (APP) 6 |
TOP OF THE 7TH |
Detroit (APP) Tigers batting - Pitching for Cleveland (APP) Indians : LHP Jon Curtis
|
Batting: SHB Ronnie Lundy
|
0-0: Ball 1-0: Ball 2-0: Foul Ball, location: 2F 2-1: Called Strike 2-2: Foul Ball, location: 2F 2-2: Ground out 6-3 (Groundball, 6, EV 108.1 MPH)
|
Batting: LHB Glen Boyle
|
0-0: Called Strike 0-1: Foul Ball, location: 2F 0-2: Strikes out looking
|
Batting: RHB George Sonier
|
0-0: Swinging Strike 0-1: Called Strike 0-2: Ball 1-2: Foul Ball, location: 2F 1-2: Strikes out swinging
|
Top of the 7th over - 0 runs, 0 hits, 0 errors, 0 left on base; Detroit (APP) 8 - Cleveland (APP) 6 |
BOTTOM OF THE 7TH |
Cleveland (APP) Indians batting - Pitching for Detroit (APP) Tigers : RHP Alex Amparo
|
Batting: RHB Makoto Narita
|
0-0: Called Strike 0-1: Ground out 6-3 (Groundball, 6, EV 99.4 MPH)
|
Pinch Hitting: RHB Andy Lewis
|
0-0: Ball 1-0: Called Strike 1-1: Ball 2-1: Swinging Strike 2-2: SINGLE (Flyball, 5D, EV 93.1 MPH)
|
Pitching: RHP Bert Hernandez
|
|
Pinch Hitting: RHB Quan Tai
|
0-0: Ball 1-0: Ball 2-0: Foul Ball, location: 2F 2-1: Fielders Choice at 2nd, 4-6 (Groundball, 4MD, EV 98.1 MPH)
|
Pinch Hitting: RHB Kevin Trull
|
0-0: Called Strike Quan Tai steals 2nd base 0-1: Foul Ball, location: 2F 0-2: Ball 1-2: Foul Ball, location: 2F 1-2: Strikes out swinging
|
Bottom of the 7th over - 0 runs, 1 hit, 0 errors, 1 left on base; Detroit (APP) 8 - Cleveland (APP) 6 |
TOP OF THE 8TH |
Detroit (APP) Tigers batting - Pitching for Cleveland (APP) Indians : LHP Jon Curtis
|
Now in LF: Quan Tai
|
|
Now in CF: Andy Lewis
|
|
Now in RF: Shane Montalvo
|
|
Batting: SHB Salvador Lacosta
|
0-0: Ground out 6-3 (Groundball, 6, EV 97.5 MPH)
|
Batting: LHB Timotheus Young
|
0-0: Ball 1-0: Ball 2-0: Ball 3-0: Base on Balls
|
Pitching: RHP Ian Nordquist
|
|
Batting: RHB Kevin Steed
|
0-0: Ball 1-0: Called Strike 1-1: Ball 2-1: SINGLE (Groundball, 34D, EV 106.9 MPH) Timotheus Young to second Runner from 2nd tries for 3rd, SAFE, no throw by RF
|
Batting: RHB Ernst Meloche
|
0-0: Called Strike 0-1: Ball 1-1: Ground out 4-3 (Groundball, 34, EV 91.2 MPH) Timotheus Young scores Kevin Steed to second
|
Batting: RHB Norm Wood
|
0-0: Intentional Walk
|
Batting: RHB Nate Dabney
|
0-0: Ball 1-0: Swinging Strike 1-1: Ground out 5-3 (Groundball, 5L, EV 93.1 MPH)
|
Top of the 8th over - 1 run, 1 hit, 0 errors, 2 left on base; Detroit (APP) 9 - Cleveland (APP) 6 |
BOTTOM OF THE 8TH |
Cleveland (APP) Indians batting - Pitching for Detroit (APP) Tigers : RHP Bert Hernandez
|
Pitching: RHP Mike Santana
|
|
Batting: RHB Patrick Pinault
|
0-0: Ground out 5-3 (Groundball, 56, EV 77.5 MPH)
|
Batting: LHB Justin Eargle
|
0-0: Called Strike 0-1: Swinging Strike 0-2: Ball 1-2: Strikes out swinging
|
Batting: RHB Justin Teague
|
0-0: Ball 1-0: Ball 2-0: Foul Ball, location: 2F 2-1: Called Strike 2-2: Ball 3-2: Ground out 6-3 (Groundball, 6, EV 100.0 MPH)
|
Bottom of the 8th over - 0 runs, 0 hits, 0 errors, 0 left on base; Detroit (APP) 9 - Cleveland (APP) 6 |
TOP OF THE 9TH |
Detroit (APP) Tigers batting - Pitching for Cleveland (APP) Indians : RHP Ian Nordquist
|
Batting: SHB Ronnie Lundy
|
0-0: Ball 1-0: Foul Ball, location: 2F 1-1: Foul Ball, location: 2F 1-2: Strikes out looking
|
Batting: LHB Glen Boyle
|
0-0: Swinging Strike 0-1: Ground out 4-3 (Groundball, 4, EV 90.6 MPH)
|
Batting: RHB George Sonier
|
0-0: Called Strike 0-1: Ball 1-1: Foul Ball, location: 2F 1-2: Foul Ball, location: 2F 1-2: Ball 2-2: Ball 3-2: Foul Ball, location: 2F 3-2: Strikes out looking
|
Top of the 9th over - 0 runs, 0 hits, 0 errors, 0 left on base; Detroit (APP) 9 - Cleveland (APP) 6 |
BOTTOM OF THE 9TH |
Cleveland (APP) Indians batting - Pitching for Detroit (APP) Tigers : RHP Mike Santana
|
Batting: RHB Eric Kuck
|
0-0: Ball 1-0: Ball 2-0: SINGLE (Line Drive, 78S, EV 104.4 MPH)
|
Pinch Hitting: SHB Jay Rook
|
0-0: Called Strike 0-1: Single, Error in OF, E9, batter to second base (Groundball, 3D, EV 94.4 MPH) Eric Kuck to third
|
Batting: RHB Makoto Narita
|
0-0: Called Strike 0-1: Ball 1-1: Hit by Pitch
|
Batting: RHB Andy Lewis
|
0-0: Ball 1-0: Foul Ball, location: 2F 1-1: Foul Ball, location: 2F 1-2: Foul Ball, location: 2F 1-2: Strikes out looking
|
Pitching: LHP Jim Belcher
|
|
Batting: RHB Quan Tai
|
0-0: Ball 1-0: Ball 2-0: Foul Ball, location: 2F 2-1: Fly out, F9 (Line Drive, 9, EV 100.6 MPH) Lined into DP, 9-6 (Line Drive, 9, EV 100.6 MPH)
|
Bottom of the 9th over - 0 runs, 2 hits, 1 error, 2 left on base; Detroit (APP) 9 - Cleveland (APP) 6 |
|